 Dungeon Crawl Stone Soup version 0.27.0-1-g7a089689b8 (webtiles) character file.

Game seed: 17738292431076526763

122 RepoMan the Skirmisher (level 4, -1/39 HPs)
             Began as a Demonspawn Wanderer on Aug 9, 2021.
             Slain by Robin (9 damage)
             ... on level 3 of the Dungeon.
             The game lasted 00:14:31 (2122 turns).

RepoMan the Skirmisher (Demonspawn Wanderer)        Turns: 2122, Time: 00:14:31

Health: -1/39      AC:  9    Str: 13    XL:     4   Next: 78%
Magic:  4/4        EV:  8    Int: 14    God:
Gold:   87         SH:  0    Dex: 12    Spells: 3/3 levels left

rFire    . . .     SeeInvis .   m - +0 mace
rCold    . . .     Faith    .   (no shield)
rNeg     . . .     Spirit   .   d - +3 scale mail
rPois    .         Reflect  .   (helmet restricted)
rElec    .         Harm     .   (no cloak)
rCorr    +         Rampage  .   (no gloves)
Will     .....                  (no boots)
Stlth    ..........             (no amulet)
HPRegen  0.13/turn              h - ring of resist corrosion
MPRegen  0.09/turn              (no ring)

@: no status effects
A: antennae 1, foul stench 1
a: no special abilities


You were on level 3 of the Dungeon.
You visited 1 branch of the dungeon, and saw 3 of its levels.

You collected 87 gold pieces.

Inventory:

Hand Weapons
 b - a +0 shortbow
 m - a +0 mace (weapon)
Missiles
 c - 53 arrows
Armour
 d - a +3 scale mail (worn)
Jewellery
 h - a ring of resist corrosion (left hand)
Scrolls
 f - a scroll of enchant armour
 g - a scroll of magic mapping {unknown}
 i - a scroll of enchant weapon {unknown}
 k - 3 scrolls of identify {unknown}


   Skills:
 + Level 5.4 Fighting
 * Level 2.6 Maces & Flails
 + Level 2.0 Bows
 + Level 2.0 Armour
 - Level 1.7 Shields


You had 3 spell levels left.
You didn't know any spells.
Your spell library contained the following spells:

 Spells                   Type           Power      Damage    Failure   Level
 Gell's Gravitas          Tloc           0%         N/A       99%         3
 Lesser Beckoning         Tloc           0%         N/A       99%         3
 Teleport Other           Tloc           0%         N/A       99%         3


Dungeon Overview and Level Annotations

Branches:
Dungeon (3/15)

Altars:

Shops:
D:3 (

Annotations:
D:3 Robin


Innate Abilities, Weirdness & Mutations

You have a pair of small antennae on your head.
You may rarely emit foul miasma when damaged in melee.


Message History

The goblin hits you but does no damage.
Unknown command.
You hit the goblin.
The goblin is moderately wounded.
The goblin closely misses you. Robin hits you with a +0 mace.
Unknown command.
You closely miss the goblin.
The goblin is moderately wounded.
The goblin hits you but does no damage.
Robin says, "A pitiful Demonspawn like you will never find the ORB!"
Robin closely misses you. The goblin hits you with a +0 club.
Unknown command.
You completely miss the goblin.
The goblin is moderately wounded.
Robin hits you but does no damage. The goblin misses you.
Unknown command.
You closely miss the goblin.
The goblin is moderately wounded.
Robin closely misses you. The goblin hits you with a +0 club.
Robin hits you with a +0 mace.
* * * LOW HITPOINT WARNING * * *
Unknown command.
You aren't carrying any potions.
Okay, then.
Unknown command.
As you read the scroll labelled BITUVV DUDYTH, it crumbles to dust.
It is a scroll of enchant armour.
Your +2 scale mail glows green for a moment.
The goblin hits you but does no damage. Robin hits you but does no damage.
As you read the scroll labelled SYKKOOBLITWA, it crumbles to dust.
You hear a loud clanging noise!
It was a scroll of noise.
You hear a shout!
You hear an angry hiss.
The goblin closely misses you. Robin hits you with a +0 mace.
* * * LOW HITPOINT WARNING * * *
Unknown command.
As you read the scroll labelled VIUTUDA MEGREN, it crumbles to dust.
The scroll dissolves into smoke.
It was a scroll of fog.
The goblin barely misses you. Robin hits you with a +0 mace!
You die...

#....#.....##...#####.#######
#....#..[.......# #.#
#....#.##...#.#.# ..#
#....+......#.#.# .###
#....####.#...#.# #. #.#####.
. #.# ## ## #.#######
#.§g@ggg# #######.# #.# #(#
#l# ....g.gg# .......##
.....gg ...g...


You could see Robin, a hobgoblin (strong) and a goblin (strong).

Vanquished Creatures
  An orc wizard (D:3)
  An adder (D:3)
  2 worms (D:2)
  4 dart slugs
  3 orcs (D:3)
  8 bats
  3 endoplasms
  13 goblins
  7 hobgoblins
  9 jackals
  4 kobolds
  A quokka (D:1)
  2 ball pythons (D:2)
  3 frilled lizards
  3 rats
64 creatures vanquished.

Notes
Turn   | Place    | Note
-------+----------+-------------------------------------------
     0 | D:1      | RepoMan the Demonspawn Wanderer began the quest for the
                  | Orb.
     0 | D:1      | RepoMan set off with the following items: a +0 shortbow, a
                  | +2 scale mail, 25 arrows, a +0 mace
     0 | D:1      | Reached XP level 1. HP: 21/21 MP: 1/1
   172 | D:1      | Gained mutation: You may rarely emit foul miasma when
                  | damaged in melee. [demonic ancestry]
   172 | D:1      | Reached XP level 2. HP: 25/27 MP: 2/2
   413 | D:2      | Reached XP level 3. HP: 27/33 MP: 3/3
  1387 | D:3      | Gained mutation: You have a pair of small antennae on your
                  | head. [demonic ancestry]
  1387 | D:3      | Reached XP level 4. HP: 39/39 MP: 4/4
  1603 | D:3      | Noticed a steam dragon
  2020 | D:3      | Found Sueketot's Antique Weapon Emporium.
  2081 | D:3      | Noticed Robin
  2122 | D:3      | Slain by Robin

Illustrated notes

Levels and vault maps discovered:
D:1:      dpeg_arrival_ratfight, layout_rooms
D:2:      layout_basic
D:3:      layout_basic, serial_shops, shop_statue, uniq_robin

Skill      XL: |  1  2  3  4 |
---------------+-------------+-----
Maces & Flails | 2 |  2.6
Bows           | 2 |  2.0
Armour         | 2 |  2.0
Fighting       | |  5.4
Shields        | |  1.7

Action                   |  1- 3 |  4- 6 || total
-------------------------+-------+-------++-------
Melee: Mace              |    96 |    47 ||   143
 Fire: Shortbow          |    73 |    25 ||    98
  Use: Scroll            |     1 |     3 ||     4
Armor: Scale mail        |   111 |    37 ||   148
Dodge: Dodged            |    68 |    24 ||    92
